Hartford Whalers vs Boston Bruins
Created - Friday, October 20, 2023 at 08:48
Goals
|
| Hartford Whalers |
1 |
1 |
1 |
3 |
| Boston Bruins |
1 |
0 |
1 |
2 |
|
Shots
|
| Hartford Whalers |
14 |
14 |
19 |
47 |
| Boston Bruins |
5 |
12 |
11 |
28 |
|
1st period
1. Boston Bruins , Brandon Hagel 12 (Pavel Zacha 21) at 15:51
2. Hartford Whalers , Casey Cizikas 10 (Connor Clifton 5, Marcus Foligno 10) at 19:43
Penalties :
Marcus Foligno (HFD) for Tripping (Minor) at 7:03, Joel Farabee (BOS) for Fighting (Major) at 18:26, Alexis Lafreniere (HFD) for Fighting (Major) at 18:26
2nd period
3. Hartford Whalers , Josh Anderson 9 (Connor Clifton 6, Taylor Hall 30) at 8:26
Penalties :
Ryan Donato (BOS) for High sticking (Minor) at 8:34, Thomas Chabot (HFD) for Hooking (Minor) at 13:21, Tyson Barrie (BOS) for Interference (Minor) at 19:37
3rd period
4. Hartford Whalers , Josh Anderson 10 (Taylor Hall 31, Alexander Wennberg 22) at 0:15 (PP)
5. Boston Bruins , Joel Farabee 16 (Anthony Beauvillier 16, Sean Durzi 10) at 11:54
Penalties :
Haydn Fleury (HFD) for Goalie Interference (Minor) at 1:33, Anthony Beauvillier (BOS) for Tripping (Minor) at 5:23, Mark Kastelic (HFD) for Hooking (Minor) at 16:58, Tyson Barrie (BOS) for Holding (Minor) at 19:56
Goalie Stats
Logan Thompson (HFD), 26 saves from 28 shots - (0.929), W, 6-2-2, 60:00 minutes
Trent Miner (BOS), 44 saves from 47 shots - (0.936), L, 0-1-0, 60:00 minutes
Players Stats for Hartford Whalers
Player Name G A P +/- PIM S H SB GA TA FO MP PP MP PK MP
------------------------------------------------------------------------------------
Alec Martinez 0 0 0 0 0 5 2 1 0 1 0/0 22:19 2:26 3:42
Alexander Wennberg 0 1 1 -1 0 3 0 1 1 0 19/29 20:19 2:20 3:56
Alexis Lafreniere 0 0 0 0 5 8 0 0 1 0 1/2 13:47 2:12 0:29
Anthony Mantha 0 0 0 0 0 1 0 0 0 0 0/0 12:03 0:07 0:13
Casey Cizikas 1 0 1 1 0 5 2 1 1 0 10/11 19:19 2:12 3:31
Connor Clifton 0 2 2 1 0 2 1 0 0 0 0/0 16:19 0:00 0:54
Haydn Fleury 0 0 0 0 2 1 1 0 0 0 0/0 7:21 0:00 0:00
Jaccob Slavin 0 0 0 -1 0 0 0 0 0 1 0/0 22:16 2:13 4:14
John Hayden 0 0 0 0 0 1 0 0 0 1 0/0 13:09 0:07 0:16
Josh Anderson 2 0 2 -1 0 3 2 0 0 0 2/5 20:18 2:20 3:31
Joshua Norris 0 0 0 0 0 4 0 0 1 0 9/9 11:51 0:00 0:00
Lukas Reichel 0 0 0 0 0 1 0 0 0 0 2/6 7:19 0:00 0:00
Marcus Foligno 0 1 1 1 2 4 1 1 0 1 0/1 14:48 2:12 0:00
Mark Kastelic 0 0 0 1 2 1 2 0 0 0 0/1 10:43 0:07 0:00
Taylor Hall 0 2 2 -1 0 6 0 1 2 1 1/1 20:00 2:20 3:56
Thomas Chabot 0 0 0 -1 2 0 3 0 1 0 0/0 22:24 2:13 3:20
Torey Krug 0 0 0 1 0 1 0 0 0 1 0/0 15:25 0:00 0:00
Trevor van Riemsdyk 0 0 0 0 0 1 0 2 0 0 0/0 22:19 2:26 3:42
Players Stats for Boston Bruins
Player Name G A P +/- PIM S H SB GA TA FO MP PP MP PK MP
------------------------------------------------------------------------------------
Anthony Beauvillier 0 1 1 1 2 0 3 0 0 0 0/0 17:26 3:54 1:14
Austin Wagner 0 0 0 -1 0 0 1 1 0 0 0/1 9:27 0:00 0:00
Brandon Hagel 1 0 1 1 0 3 0 0 2 0 2/4 18:01 4:02 2:08
Charlie McAvoy 0 0 0 0 0 1 2 4 0 1 0/0 27:07 3:36 2:31
Dylan Gambrell 0 0 0 -1 0 2 0 1 0 0 1/5 9:54 0:00 0:00
Joe Veleno 0 0 0 -1 0 3 0 0 0 1 6/14 14:18 0:00 0:48
Joel Farabee 1 0 1 1 5 3 4 0 0 0 0/3 14:58 3:54 0:03
John-Jason Peterka 0 0 0 -1 0 4 0 0 1 0 1/2 14:40 0:07 0:00
Mathieu Olivier 0 0 0 -1 0 2 1 1 1 1 0/0 9:54 0:00 0:00
Matt Grzelcyk 0 0 0 0 0 0 2 1 0 0 0/0 16:16 4:20 0:00
Nicholas Merkley 0 0 0 -1 0 3 1 1 0 0 1/2 13:48 0:00 0:00
Pavel Zacha 0 1 1 1 0 0 0 0 1 0 5/18 18:01 4:02 2:08
Phil Kessel 0 0 0 1 0 3 1 0 0 1 0/3 18:04 3:55 2:13
Ryan Donato 0 0 0 1 2 0 3 0 0 0 5/13 16:47 3:54 0:44
Samuel Girard 0 0 0 0 0 0 2 1 0 1 0/0 13:36 0:00 0:00
Sean Durzi 0 1 1 0 0 2 0 3 0 1 0/0 20:29 4:20 2:08
Tyson Barrie 0 0 0 0 4 2 2 0 1 1 0/0 27:05 3:36 2:31
Victor Mete 0 0 0 0 0 0 0 3 0 0 0/0 15:25 0:00 2:08
3 Stars
1 - Josh Anderson (HFD)
2 - Casey Cizikas (HFD)
3 - Trent Miner (BOS)
Power Play
Hartford Whalers - 1 on 4 Attempt(s) - 25.00%
Boston Bruins - 0 on 4 Attempt(s) - 0.00%
Penalty Kill
Hartford Whalers - 4 on 4 Attempt(s) - 100.00%
- Score 0 goal in Penalty Kill
Boston Bruins - 3 on 4 Attempt(s) - 75.00%
- Score 0 goal in Penalty Kill
Team Stat
Hartford Whalers - Hits : 14 - Faceoff Wins : 44 - Blocked Shots : 7 - Penalty Minutes : 13
Boston Bruins - Hits : 22 - Faceoff Wins : 21 - Blocked Shots : 16 - Penalty Minutes : 13
Official
Referees : Brad Watson and Jean Hebert
Linesman : Devin Berg and John Grandt
Game Notes
Joel Farabee beats up Alexis Lafreniere at 18:26 of 1st period
Austin Wagner is injured at 13:22 of 3rd period (Bruised Right Arm)
Anthony Mantha is injured at 15:21 of 3rd period (Right Hand)
Finance
Level 1 -- Attendance: 4824 (80.40%) -- Ticket Income $482,400
Level 2 -- Attendance: 3318 (66.36%) -- Ticket Income $199,080
Level 3 -- Attendance: 2348 (78.27%) -- Ticket Income $82,180
Level 4 -- Attendance: 3307 (66.14%) -- Ticket Income $82,675
Luxury Box -- Attendance: 768 (76.80%) -- Ticket Income $153,600
Game was played at the TD Garden.
Total Attendance: 14565 (72.83%)
Total Ticket Income: $999,935
Other Income: $349,977
Total Income: $1,349,912
Hartford Whalers
5 vs 5 Forward
Center Left Wing Right Wing Time % Phy DF OF
1 Alexander Wennberg Taylor Hall Josh Anderson 30 1 2 2
2 Casey Cizikas Marcus Foligno Alexis Lafreniere 30 1 2 2
3 Joshua Norris Anthony Mantha John Hayden 25 1 2 2
4 Lukas Reichel Mark Kastelic Haydn Fleury 15 1 2 2
5 vs 5 Defense
Defense Defense Time % Phy DF OF
1 Jaccob Slavin Thomas Chabot 35 1 2 2
2 Trevor van Riemsdyk Alec Martinez 35 1 2 2
3 Torey Krug Connor Clifton 30 1 2 2
4 Jaccob Slavin Thomas Chabot 0 1 2 2
PowerPlay Forward
Center Left Wing Right Wing Time % Phy DF OF
1 Alexander Wennberg Taylor Hall Josh Anderson 50 1 2 2
2 Casey Cizikas Marcus Foligno Alexis Lafreniere 50 1 2 2
PowerPlay Defense
Defense Defense Time % Phy DF OF
1 Jaccob Slavin Thomas Chabot 50 1 2 2
2 Trevor van Riemsdyk Alec Martinez 50 1 2 2
Penalty Kill 4 Players Forward
Center Wing Time % Phy DF OF
1 Alexander Wennberg Taylor Hall 50 1 2 2
2 Josh Anderson Casey Cizikas 50 1 2 2
Penalty Kill 4 Players Defense
Defense Defense Time % Phy DF OF
1 Jaccob Slavin Thomas Chabot 50 1 2 2
2 Trevor van Riemsdyk Alec Martinez 50 1 2 2
Penalty Kill - 3 Players Forward
Forward Time % Phy DF OF
1 Alexander Wennberg 50 1 2 2
2 Taylor Hall 50 1 2 2
Penalty Kill - 3 Players Defense
Defense Defense Time % Phy DF OF
1 Jaccob Slavin Thomas Chabot 50 1 2 2
2 Trevor van Riemsdyk Alec Martinez 50 1 2 2
4 vs 4 Forward
Center Wing Time % Phy DF OF
1 Alexander Wennberg Taylor Hall 50 1 2 2
2 Josh Anderson Casey Cizikas 50 1 2 2
4 vs 4 Defense
Defense Defense Time % Phy DF OF
1 Jaccob Slavin Thomas Chabot 50 1 2 2
2 Trevor van Riemsdyk Alec Martinez 50 1 2 2
Last Minutes Offensive
Center Left Wing Right Wing Defense Defense
Alexander Wennberg Taylor Hall Josh Anderson Jaccob Slavin Thomas Chabot
Last Minutes Defensive
Center Left Wing Right Wing Defense Defense
Alexander Wennberg Taylor Hall Josh Anderson Jaccob Slavin Thomas Chabot
Goaltenders
Starting : Logan Thompson
Backup : Anton Forsberg
Extra Forwards
Normal : Mark Kastelic, Alexander Wennberg, Anthony Mantha - PP : Mark Kastelic, Taylor Hall - PK : Anthony Mantha
Extra Defensemen
Normal : Torey Krug, Connor Clifton, Haydn Fleury - PP : Torey Krug - PK : Connor Clifton, Haydn Fleury
Penalty Shots
Alexander Wennberg, Taylor Hall, Josh Anderson, Casey Cizikas, Marcus Foligno
Boston Bruins
5 vs 5 Forward
Center Left Wing Right Wing Time % Phy DF OF
1 Pavel Zacha Brandon Hagel Phil Kessel 30 1 2 2
2 Ryan Donato Anthony Beauvillier Joel Farabee 30 1 2 2
3 Joe Veleno John-Jason Peterka Nicholas Merkley 25 1 2 2
4 Dylan Gambrell Austin Wagner Mathieu Olivier 15 1 2 2
5 vs 5 Defense
Defense Defense Time % Phy DF OF
1 Charlie McAvoy Tyson Barrie 30 1 2 2
2 Sean Durzi Samuel Girard 30 1 2 2
3 Matt Grzelcyk Victor Mete 25 1 2 2
4 Charlie McAvoy Tyson Barrie 15 1 2 2
PowerPlay Forward
Center Left Wing Right Wing Time % Phy DF OF
1 Pavel Zacha Brandon Hagel Phil Kessel 50 1 2 2
2 Ryan Donato Anthony Beauvillier Joel Farabee 50 1 2 2
PowerPlay Defense
Defense Defense Time % Phy DF OF
1 Charlie McAvoy Tyson Barrie 50 1 2 2
2 Sean Durzi Matt Grzelcyk 50 1 2 2
Penalty Kill 4 Players Forward
Center Wing Time % Phy DF OF
1 Brandon Hagel Pavel Zacha 50 1 2 2
2 Phil Kessel Anthony Beauvillier 50 1 2 2
Penalty Kill 4 Players Defense
Defense Defense Time % Phy DF OF
1 Charlie McAvoy Tyson Barrie 50 1 2 2
2 Sean Durzi Victor Mete 50 1 2 2
Penalty Kill - 3 Players Forward
Forward Time % Phy DF OF
1 Brandon Hagel 50 1 2 2
2 Pavel Zacha 50 1 2 2
Penalty Kill - 3 Players Defense
Defense Defense Time % Phy DF OF
1 Charlie McAvoy Tyson Barrie 50 1 2 2
2 Sean Durzi Victor Mete 50 1 2 2
4 vs 4 Forward
Center Wing Time % Phy DF OF
1 Brandon Hagel Pavel Zacha 50 1 2 2
2 Phil Kessel Anthony Beauvillier 50 1 2 2
4 vs 4 Defense
Defense Defense Time % Phy DF OF
1 Charlie McAvoy Tyson Barrie 50 1 2 2
2 Sean Durzi Matt Grzelcyk 50 1 2 2
Last Minutes Offensive
Center Left Wing Right Wing Defense Defense
Pavel Zacha Brandon Hagel Phil Kessel Charlie McAvoy Tyson Barrie
Last Minutes Defensive
Center Left Wing Right Wing Defense Defense
Pavel Zacha Brandon Hagel Phil Kessel Charlie McAvoy Tyson Barrie
Goaltenders
Starting : Trent Miner
Backup : Leevi Merilainen
Extra Forwards
Normal : John-Jason Peterka, Nicholas Merkley, Joe Veleno - PP : John-Jason Peterka, Nicholas Merkley - PK : Joe Veleno
Extra Defensemen
Normal : Matt Grzelcyk, Victor Mete, Sean Durzi - PP : Matt Grzelcyk - PK : Victor Mete, Sean Durzi
Penalty Shots
Brandon Hagel, Pavel Zacha, Phil Kessel, Anthony Beauvillier, Joel Farabee
% Time on Ice - Hartford Whalers
Lines # - Real PCT - Wanted PCT - Time Play
Normal Forward
1 - 29% - 30% - 13:27
2 - 31% - 30% - 14:31
3 - 25% - 25% - 11:51
4 - 16% - 15% - 7:19
Normal Defense
1 - 34% - 35% - 15:49
2 - 34% - 35% - 16:11
3 - 32% - 30% - 15:08
4 - 0% - 0% - 0:00
PP Forward
1 - 50% - 50% - 2:20
2 - 50% - 50% - 2:19
PP Defense
1 - 48% - 50% - 2:13
2 - 52% - 50% - 2:26
PK Forward
1 - 50% - 50% - 3:56
2 - 50% - 50% - 4:00
PK Defense
1 - 53% - 50% - 4:14
2 - 47% - 50% - 3:42
PK3 Forward
1 - 0% - 50%
2 - 0% - 50%
PK3 Defense
1 - 0% - 50%
2 - 0% - 50%
44 Forward
1 - 0% - 50%
2 - 0% - 50%
44 Defense
1 - 0% - 50%
2 - 0% - 50%
Last Minute Offensive - 0:00
Last Minute Defensive - 0:17
Total
Forward - 60:00
Defense - 60:00
|
% Time on Ice - Boston Bruins
Lines # - Real PCT - Wanted PCT - Time Play
Normal Forward
1 - 26% - 30% - 11:51
2 - 26% - 30% - 12:10
3 - 27% - 25% - 12:31
4 - 21% - 15% - 9:54
Normal Defense
1 - 32% - 30% - 14:42
2 - 32% - 30% - 14:53
3 - 25% - 25% - 11:32
4 - 11% - 15% - 5:19
PP Forward
1 - 51% - 50% - 4:02
2 - 49% - 50% - 3:54
PP Defense
1 - 45% - 50% - 3:36
2 - 55% - 50% - 4:20
PK Forward
1 - 46% - 50% - 2:08
2 - 54% - 50% - 2:31
PK Defense
1 - 54% - 50% - 2:31
2 - 46% - 50% - 2:08
PK3 Forward
1 - 0% - 50%
2 - 0% - 50%
PK3 Defense
1 - 0% - 50%
2 - 0% - 50%
44 Forward
1 - 0% - 50%
2 - 0% - 50%
44 Defense
1 - 0% - 50%
2 - 0% - 50%
Last Minute Offensive - 0:59
Last Minute Defensive - 0:00
Total
Forward - 60:00
Defense - 60:00
|
Play-by-Play
1st period
0:01 of 1st period - Pavel Zacha wins face-off versus Alexander Wennberg in neutral zone.
0:32 of 1st period - Snap shot by Joel Farabee.
0:32 of 1st period - Stopped by Logan Thompson with a rebound.
1:32 of 1st period - Wrist shot by Brandon Hagel.
1:32 of 1st period - Stopped by Logan Thompson without a rebound.
1:33 of 1st period - Casey Cizikas wins face-off versus Pavel Zacha in Hartford Whalers zone.
1:46 of 1st period - Slapshot by Alexis Lafreniere.
1:46 of 1st period - Shot Misses the Net.
2:00 of 1st period - John Hayden is hit by Joel Farabee and loses puck.
2:49 of 1st period - Wrist shot by Lukas Reichel.
2:49 of 1st period - Shot Blocked by Matt Grzelcyk.
4:11 of 1st period - Slapshot by Sean Durzi.
4:11 of 1st period - Shot Blocked by Trevor van Riemsdyk.
4:31 of 1st period - Slapshot by Alexis Lafreniere.
4:31 of 1st period - Stopped by Trent Miner with a rebound.
5:39 of 1st period - Wrist shot by Thomas Chabot.
5:39 of 1st period - Shot Blocked by Victor Mete.
5:41 of 1st period - Snap shot by Thomas Chabot.
5:41 of 1st period - Shot Misses the Net.
5:43 of 1st period - Snap shot by Haydn Fleury.
5:43 of 1st period - Stopped by Trent Miner with a rebound.
5:53 of 1st period - Victor Mete is hit by Casey Cizikas and loses puck.
5:58 of 1st period - Wrist shot by Alexis Lafreniere.
5:58 of 1st period - Deflect By Marcus Foligno.
5:58 of 1st period - Stopped by Trent Miner with a rebound.
6:00 of 1st period - Snap shot by Casey Cizikas.
6:00 of 1st period - Shot Blocked by Victor Mete.
6:09 of 1st period - Icing by Matt Grzelcyk.
6:10 of 1st period - Joshua Norris wins face-off versus Dylan Gambrell in Boston Bruins zone.
6:15 of 1st period - Wrist shot by John Hayden.
6:15 of 1st period - Shot Misses the Net.
6:18 of 1st period - Icing by Dylan Gambrell.
6:19 of 1st period - Dylan Gambrell wins face-off versus Alexander Wennberg in Boston Bruins zone.
6:33 of 1st period - Wrist shot by Dylan Gambrell.
6:33 of 1st period - Stopped by Logan Thompson with a rebound.
6:35 of 1st period - Slapshot by Dylan Gambrell.
6:35 of 1st period - Shot Misses the Net.
6:37 of 1st period - Snap shot by Dylan Gambrell.
6:37 of 1st period - Shot Misses the Net.
6:39 of 1st period - Wrist shot by Dylan Gambrell.
6:39 of 1st period - Shot Blocked by Taylor Hall.
6:41 of 1st period - Wrist shot by Mathieu Olivier.
6:41 of 1st period - Stopped by Logan Thompson without a rebound.
6:42 of 1st period - Casey Cizikas wins face-off versus Joel Farabee in Hartford Whalers zone.
7:03 of 1st period - Minor Penalty to Marcus Foligno for Tripping.
7:04 of 1st period - Alexander Wennberg wins face-off versus Pavel Zacha in Hartford Whalers zone.
7:15 of 1st period - Snap shot by Taylor Hall.
7:15 of 1st period - Stopped by Trent Miner with a rebound.
9:03 of 1st period - Penalty to Marcus Foligno is over, Marcus Foligno is back on ice.
9:13 of 1st period - Charlie McAvoy is hit by Mark Kastelic and loses puck.
9:38 of 1st period - Snap shot by Joshua Norris.
9:38 of 1st period - Stopped by Trent Miner with a rebound.
9:58 of 1st period - Icing by Nicholas Merkley.
9:59 of 1st period - Casey Cizikas wins face-off versus Joe Veleno in Boston Bruins zone.
10:39 of 1st period - Icing by Connor Clifton.
10:40 of 1st period - Joshua Norris wins face-off versus Pavel Zacha in Hartford Whalers zone.
10:55 of 1st period - Wrist shot by Pavel Zacha.
10:55 of 1st period - Shot Hit the Post.
11:09 of 1st period - Wrist shot by Alexander Wennberg.
11:09 of 1st period - Stopped by Trent Miner without a rebound.
11:10 of 1st period - Ryan Donato wins face-off versus Josh Anderson in Boston Bruins zone.
11:35 of 1st period - Sean Durzi is hit by Casey Cizikas and loses puck.
11:44 of 1st period - Snap shot by Pavel Zacha.
11:44 of 1st period - Shot Misses the Net.
12:18 of 1st period - Nicholas Merkley is hit by Alec Martinez and loses puck.
13:01 of 1st period - Slapshot by Alexis Lafreniere.
13:01 of 1st period - Stopped by Trent Miner without a rebound.
13:02 of 1st period - Casey Cizikas wins face-off versus Pavel Zacha in Boston Bruins zone.
13:03 of 1st period - Slapshot by Alexis Lafreniere.
13:03 of 1st period - Stopped by Trent Miner with a rebound.
13:27 of 1st period - Josh Anderson is hit by Joel Farabee and loses puck.
14:12 of 1st period - Wrist shot by Casey Cizikas.
14:12 of 1st period - Shot Misses the Net.
14:14 of 1st period - Snap shot by Marcus Foligno.
14:14 of 1st period - Shot Blocked by Victor Mete.
14:27 of 1st period - Icing by Dylan Gambrell.
14:28 of 1st period - Lukas Reichel wins face-off versus Pavel Zacha in Boston Bruins zone.
14:52 of 1st period - Off-side.
14:53 of 1st period - Casey Cizikas wins face-off versus Ryan Donato in neutral zone.
15:04 of 1st period - Casey Cizikas is hit by Ryan Donato and loses puck.
15:34 of 1st period - Snap shot by Alexis Lafreniere.
15:34 of 1st period - Deflect By Samuel Girard.
15:34 of 1st period - Shot Misses the Net.
15:34 of 1st period - Puck is out of play.
15:35 of 1st period - Pavel Zacha wins face-off versus Alexander Wennberg in Boston Bruins zone.
15:51 of 1st period - Snap shot by Brandon Hagel.
15:51 of 1st period - Goal by Brandon Hagel - Hartford Whalers : 0 - Boston Bruins : 1.
15:52 of 1st period - Alexander Wennberg wins face-off versus Pavel Zacha in neutral zone.
16:19 of 1st period - Tyson Barrie is hit by Thomas Chabot.
16:28 of 1st period - Icing by Thomas Chabot.
16:29 of 1st period - Joshua Norris wins face-off versus Joe Veleno in Hartford Whalers zone.
16:29 of 1st period - Joshua Norris is hit by Samuel Girard.
16:35 of 1st period - Slapshot by Joshua Norris.
16:35 of 1st period - Shot Blocked by Samuel Girard.
16:58 of 1st period - Off-side.
16:59 of 1st period - Alexander Wennberg wins face-off versus Pavel Zacha in neutral zone.
17:02 of 1st period - Phil Kessel is hit by Connor Clifton and loses puck.
17:16 of 1st period - Icing by Josh Anderson.
17:17 of 1st period - Ryan Donato wins face-off versus Alexander Wennberg in Hartford Whalers zone.
17:22 of 1st period - Snap shot by Joel Farabee.
17:22 of 1st period - Shot Misses the Net.
17:29 of 1st period - Icing by Torey Krug.
17:30 of 1st period - Joe Veleno wins face-off versus Alexander Wennberg in Hartford Whalers zone.
17:35 of 1st period - Snap shot by Nicholas Merkley.
17:35 of 1st period - Shot Misses the Net.
18:07 of 1st period - Wrist shot by Alexis Lafreniere.
18:07 of 1st period - Shot Misses the Net.
18:09 of 1st period - Wrist shot by Alec Martinez.
18:09 of 1st period - Stopped by Trent Miner without a rebound.
18:10 of 1st period - Ryan Donato wins face-off versus Alexis Lafreniere in Boston Bruins zone.
18:21 of 1st period - Snap shot by Alexis Lafreniere.
18:21 of 1st period - Stopped by Trent Miner with a rebound.
18:23 of 1st period - Snap shot by Trevor van Riemsdyk.
18:23 of 1st period - Shot Misses the Net.
18:25 of 1st period - Slapshot by Marcus Foligno.
18:25 of 1st period - Stopped by Trent Miner with a rebound.
18:26 of 1st period - Joel Farabee beats up Alexis Lafreniere.
18:26 of 1st period - Penalty to Joel Farabee for Fighting.
18:26 of 1st period - Penalty to Alexis Lafreniere for Fighting.
18:27 of 1st period - Pavel Zacha wins face-off versus Mark Kastelic in Boston Bruins zone.
18:36 of 1st period - Slapshot by Brandon Hagel.
18:36 of 1st period - Shot Misses the Net.
18:54 of 1st period - Casey Cizikas is hit by Mathieu Olivier and loses puck.
19:07 of 1st period - Slapshot by Thomas Chabot.
19:07 of 1st period - Shot Blocked by Charlie McAvoy.
19:09 of 1st period - Wrist shot by Marcus Foligno.
19:09 of 1st period - Stopped by Trent Miner with a rebound.
19:11 of 1st period - Slapshot by Thomas Chabot.
19:11 of 1st period - Shot Misses the Net.
19:13 of 1st period - Snap shot by Mark Kastelic.
19:13 of 1st period - Stopped by Trent Miner with a rebound.
19:15 of 1st period - Snap shot by Casey Cizikas.
19:15 of 1st period - Shot Blocked by Dylan Gambrell.
19:25 of 1st period - Wrist shot by Marcus Foligno.
19:25 of 1st period - Shot Blocked by Charlie McAvoy.
19:27 of 1st period - Wrist shot by Marcus Foligno.
19:27 of 1st period - Shot Misses the Net.
19:39 of 1st period - Snap shot by Casey Cizikas.
19:39 of 1st period - Shot Blocked by Mathieu Olivier.
19:43 of 1st period - Wrist shot by Casey Cizikas.
19:43 of 1st period - Goal by Casey Cizikas - Hartford Whalers : 1 - Boston Bruins : 1.
19:44 of 1st period - Alexander Wennberg wins face-off versus Ryan Donato in neutral zone.
19:49 of 1st period - Alexander Wennberg is hit by Ryan Donato.
Goals for this period are 1 for Hartford Whalers vs 1 for Boston Bruins.
Shots for this period are 14 for Hartford Whalers vs 5 for Boston Bruins.
2nd period
0:01 of 2nd period - Alexander Wennberg wins face-off versus Joe Veleno in neutral zone.
0:51 of 2nd period - John-Jason Peterka is hit by Mark Kastelic and loses puck.
2:21 of 2nd period - Snap shot by Mathieu Olivier.
2:21 of 2nd period - Stopped by Logan Thompson without a rebound.
2:22 of 2nd period - Alexander Wennberg wins face-off versus Dylan Gambrell in Hartford Whalers zone.
3:16 of 2nd period - Snap shot by Anthony Mantha.
3:16 of 2nd period - Shot Misses the Net.
3:32 of 2nd period - Snap shot by Casey Cizikas.
3:32 of 2nd period - Shot Misses the Net.
3:42 of 2nd period - Thomas Chabot is hit by Anthony Beauvillier and loses puck.
4:52 of 2nd period - Off-side.
4:53 of 2nd period - John-Jason Peterka wins face-off versus Lukas Reichel in neutral zone.
5:04 of 2nd period - Slapshot by Nicholas Merkley.
5:04 of 2nd period - Stopped by Logan Thompson without a rebound.
5:05 of 2nd period - Pavel Zacha wins face-off versus Alexander Wennberg in Hartford Whalers zone.
5:14 of 2nd period - Snap shot by Brandon Hagel.
5:14 of 2nd period - Shot Misses the Net.
5:39 of 2nd period - Slapshot by Josh Anderson.
5:39 of 2nd period - Deflect By Anthony Mantha.
5:39 of 2nd period - Shot Misses the Net.
5:39 of 2nd period - Puck is out of play.
5:40 of 2nd period - Joshua Norris wins face-off versus Nicholas Merkley in Boston Bruins zone.
6:42 of 2nd period - Wrist shot by Anthony Mantha.
6:42 of 2nd period - Deflect By Joshua Norris.
6:42 of 2nd period - Stopped by Trent Miner with a rebound.
6:44 of 2nd period - Snap shot by Alec Martinez.
6:44 of 2nd period - Stopped by Trent Miner with a rebound.
6:46 of 2nd period - Snap shot by John Hayden.
6:46 of 2nd period - Shot Misses the Net.
6:48 of 2nd period - Slapshot by Trevor van Riemsdyk.
6:48 of 2nd period - Stopped by Trent Miner without a rebound.
6:49 of 2nd period - Pavel Zacha wins face-off versus Alexander Wennberg in Boston Bruins zone.
7:05 of 2nd period - Slapshot by Phil Kessel.
7:05 of 2nd period - Stopped by Logan Thompson without a rebound.
7:06 of 2nd period - Nicholas Merkley wins face-off versus Marcus Foligno in Hartford Whalers zone.
7:11 of 2nd period - Snap shot by Nicholas Merkley.
7:11 of 2nd period - Deflect By Joe Veleno.
7:11 of 2nd period - Stopped by Logan Thompson without a rebound.
7:12 of 2nd period - Casey Cizikas wins face-off versus Joe Veleno in Hartford Whalers zone.
7:21 of 2nd period - Snap shot by Joe Veleno.
7:21 of 2nd period - Shot Blocked by Marcus Foligno.
7:23 of 2nd period - Wrist shot by Nicholas Merkley.
7:23 of 2nd period - Shot Misses the Net.
7:25 of 2nd period - Slapshot by John-Jason Peterka.
7:25 of 2nd period - Stopped by Logan Thompson with a rebound.
7:27 of 2nd period - Wrist shot by John-Jason Peterka.
7:27 of 2nd period - Stopped by Logan Thompson without a rebound.
7:28 of 2nd period - Alexander Wennberg wins face-off versus Pavel Zacha in Hartford Whalers zone.
8:02 of 2nd period - Snap shot by Taylor Hall.
8:02 of 2nd period - Shot Misses the Net.
8:12 of 2nd period - Slapshot by Taylor Hall.
8:12 of 2nd period - Stopped by Trent Miner with a rebound.
8:14 of 2nd period - Slapshot by Connor Clifton.
8:14 of 2nd period - Stopped by Trent Miner with a rebound.
8:20 of 2nd period - Slapshot by Alexander Wennberg.
8:20 of 2nd period - Stopped by Trent Miner with a rebound.
8:22 of 2nd period - Snap shot by Josh Anderson.
8:22 of 2nd period - Shot Misses the Net.
8:24 of 2nd period - Slapshot by Taylor Hall.
8:24 of 2nd period - Stopped by Trent Miner with a rebound.
8:26 of 2nd period - Slapshot by Connor Clifton.
8:26 of 2nd period - Deflect By Josh Anderson.
8:26 of 2nd period - Goal by Josh Anderson - Hartford Whalers : 2 - Boston Bruins : 1.
8:27 of 2nd period - Casey Cizikas wins face-off versus Ryan Donato in neutral zone.
8:32 of 2nd period - Snap shot by Thomas Chabot.
8:32 of 2nd period - Shot Misses the Net.
8:34 of 2nd period - Minor Penalty to Ryan Donato for High sticking.
8:35 of 2nd period - Alexander Wennberg wins face-off versus Brandon Hagel in Boston Bruins zone.
8:40 of 2nd period - Snap shot by Josh Anderson.
8:40 of 2nd period - Shot Misses the Net.
10:34 of 2nd period - Penalty to Ryan Donato is over, Ryan Donato is back on ice.
12:16 of 2nd period - Alexander Wennberg is hit by Tyson Barrie and loses puck.
12:40 of 2nd period - Off-side.
12:41 of 2nd period - Casey Cizikas wins face-off versus Pavel Zacha in neutral zone.
12:50 of 2nd period - Snap shot by Brandon Hagel.
12:50 of 2nd period - Shot Misses the Net.
12:52 of 2nd period - Wrist shot by Phil Kessel.
12:52 of 2nd period - Stopped by Logan Thompson without a rebound.
12:53 of 2nd period - Ryan Donato wins face-off versus Alexander Wennberg in Hartford Whalers zone.
13:08 of 2nd period - Snap shot by Alexander Wennberg.
13:08 of 2nd period - Shot Blocked by Charlie McAvoy.
13:21 of 2nd period - Minor Penalty to Thomas Chabot for Hooking.
13:22 of 2nd period - Alexander Wennberg wins face-off versus Ryan Donato in Hartford Whalers zone.
13:36 of 2nd period - Off-side.
13:37 of 2nd period - Alexander Wennberg wins face-off versus Pavel Zacha in neutral zone.
13:46 of 2nd period - Wrist shot by Taylor Hall.
13:46 of 2nd period - Shot Misses the Net.
14:11 of 2nd period - Slapshot by Tyson Barrie.
14:11 of 2nd period - Deflect By Casey Cizikas.
14:11 of 2nd period - Stopped by Logan Thompson with a rebound.
14:13 of 2nd period - Slapshot by Tyson Barrie.
14:13 of 2nd period - Deflect By Joel Farabee.
14:13 of 2nd period - Stopped by Logan Thompson without a rebound.
14:14 of 2nd period - Ryan Donato wins face-off versus Josh Anderson in Hartford Whalers zone.
15:02 of 2nd period - Trevor van Riemsdyk is hit by Joel Farabee and loses puck.
15:07 of 2nd period - Backhand shot by Joel Farabee.
15:07 of 2nd period - Shot Misses the Net.
15:09 of 2nd period - Snap shot by Sean Durzi.
15:09 of 2nd period - Stopped by Logan Thompson without a rebound.
15:10 of 2nd period - Josh Anderson wins face-off versus Joel Farabee in Hartford Whalers zone.
15:21 of 2nd period - Penalty to Thomas Chabot is over, Thomas Chabot is back on ice.
15:42 of 2nd period - Slapshot by Sean Durzi.
15:42 of 2nd period - Shot Blocked by Casey Cizikas.
16:05 of 2nd period - Snap shot by Josh Anderson.
16:05 of 2nd period - Stopped by Trent Miner with a rebound.
16:07 of 2nd period - Snap shot by Casey Cizikas.
16:07 of 2nd period - Stopped by Trent Miner with a rebound.
16:09 of 2nd period - Snap shot by Torey Krug.
16:09 of 2nd period - Stopped by Trent Miner with a rebound.
16:17 of 2nd period - Snap shot by Casey Cizikas.
16:17 of 2nd period - Stopped by Trent Miner with a rebound.
16:23 of 2nd period - Snap shot by Nicholas Merkley.
16:23 of 2nd period - Stopped by Logan Thompson without a rebound.
16:24 of 2nd period - Joshua Norris wins face-off versus Phil Kessel in Hartford Whalers zone.
16:24 of 2nd period - Joshua Norris is hit by Matt Grzelcyk.
17:00 of 2nd period - Lukas Reichel is hit by Anthony Beauvillier and loses puck.
17:11 of 2nd period - Snap shot by Taylor Hall.
17:11 of 2nd period - Stopped by Trent Miner without a rebound.
17:12 of 2nd period - Alexander Wennberg wins face-off versus Austin Wagner in Boston Bruins zone.
17:23 of 2nd period - Snap shot by Anthony Mantha.
17:23 of 2nd period - Deflect By Alexander Wennberg.
17:23 of 2nd period - Shot Misses the Net.
17:23 of 2nd period - Puck is out of play.
17:24 of 2nd period - Brandon Hagel wins face-off versus Lukas Reichel in Boston Bruins zone.
18:20 of 2nd period - Wrist shot by Joel Farabee.
18:20 of 2nd period - Shot Misses the Net.
18:48 of 2nd period - John Hayden is hit by Charlie McAvoy and loses puck.
19:07 of 2nd period - Wrist shot by Anthony Mantha.
19:07 of 2nd period - Shot Blocked by Charlie McAvoy.
19:22 of 2nd period - Slapshot by Charlie McAvoy.
19:22 of 2nd period - Stopped by Logan Thompson with a rebound.
19:37 of 2nd period - Minor Penalty to Tyson Barrie for Interference.
19:38 of 2nd period - Casey Cizikas wins face-off versus Phil Kessel in Boston Bruins zone.
19:40 of 2nd period - Slapshot by Marcus Foligno.
19:40 of 2nd period - Shot Blocked by Sean Durzi.
19:46 of 2nd period - Wrist shot by Marcus Foligno.
19:46 of 2nd period - Shot Misses the Net.
19:48 of 2nd period - Snap shot by Alexis Lafreniere.
19:48 of 2nd period - Shot Blocked by Sean Durzi.
19:50 of 2nd period - Snap shot by Alexis Lafreniere.
19:50 of 2nd period - Shot Misses the Net.
19:52 of 2nd period - Wrist shot by Alexis Lafreniere.
19:52 of 2nd period - Stopped by Trent Miner with a rebound.
19:54 of 2nd period - Slapshot by Alec Martinez.
19:54 of 2nd period - Shot Misses the Net.
Goals for this period are 1 for Hartford Whalers vs 0 for Boston Bruins.
Shots for this period are 14 for Hartford Whalers vs 12 for Boston Bruins.
3rd period
0:01 of 3rd period - Brandon Hagel wins face-off versus Alexander Wennberg in neutral zone.
0:15 of 3rd period - Snap shot by Taylor Hall.
0:15 of 3rd period - Deflect By Josh Anderson.
0:15 of 3rd period - Goal by Josh Anderson - Hartford Whalers : 3 - Boston Bruins : 1.
0:16 of 3rd period - Casey Cizikas wins face-off versus Joel Farabee in neutral zone.
0:23 of 3rd period - Wrist shot by Marcus Foligno.
0:23 of 3rd period - Stopped by Trent Miner without a rebound.
0:24 of 3rd period - Alexis Lafreniere wins face-off versus Ryan Donato in Boston Bruins zone.
1:11 of 3rd period - Snap shot by Charlie McAvoy.
1:11 of 3rd period - Deflect By Joe Veleno.
1:11 of 3rd period - Stopped by Logan Thompson without a rebound.
1:12 of 3rd period - Lukas Reichel wins face-off versus Joe Veleno in Hartford Whalers zone.
1:12 of 3rd period - Lukas Reichel is hit by Matt Grzelcyk.
1:18 of 3rd period - John-Jason Peterka is hit by Haydn Fleury and loses puck.
1:33 of 3rd period - Minor Penalty to Haydn Fleury for Goalie Interference.
1:34 of 3rd period - Alexander Wennberg wins face-off versus Ryan Donato in Hartford Whalers zone.
1:34 of 3rd period - Alexander Wennberg is hit by Ryan Donato.
1:50 of 3rd period - Snap shot by Charlie McAvoy.
1:50 of 3rd period - Shot Blocked by Alexander Wennberg.
2:04 of 3rd period - Snap shot by Casey Cizikas.
2:04 of 3rd period - Stopped by Trent Miner with a rebound.
3:06 of 3rd period - Taylor Hall is hit by Joel Farabee and loses puck.
3:33 of 3rd period - Penalty to Haydn Fleury is over, Haydn Fleury is back on ice.
3:43 of 3rd period - Wrist shot by John Hayden.
3:43 of 3rd period - Stopped by Trent Miner with a rebound.
3:59 of 3rd period - Wrist shot by Lukas Reichel.
3:59 of 3rd period - Stopped by Trent Miner with a rebound.
4:01 of 3rd period - Wrist shot by Lukas Reichel.
4:01 of 3rd period - Shot Misses the Net.
4:03 of 3rd period - Snap shot by Mark Kastelic.
4:03 of 3rd period - Shot Misses the Net.
4:05 of 3rd period - Wrist shot by Mark Kastelic.
4:05 of 3rd period - Shot Blocked by Sean Durzi.
4:19 of 3rd period - Casey Cizikas is hit by Nicholas Merkley and loses puck.
4:51 of 3rd period - Off-side.
4:52 of 3rd period - Joe Veleno wins face-off versus Lukas Reichel in neutral zone.
4:57 of 3rd period - Slapshot by Sean Durzi.
4:57 of 3rd period - Deflect By Joe Veleno.
4:57 of 3rd period - Stopped by Logan Thompson without a rebound.
4:58 of 3rd period - Joe Veleno wins face-off versus Josh Anderson in Hartford Whalers zone.
4:59 of 3rd period - Wrist shot by Nicholas Merkley.
4:59 of 3rd period - Stopped by Logan Thompson with a rebound.
5:01 of 3rd period - Snap shot by John-Jason Peterka.
5:01 of 3rd period - Stopped by Logan Thompson without a rebound.
5:02 of 3rd period - Alexander Wennberg wins face-off versus Ryan Donato in Hartford Whalers zone.
5:09 of 3rd period - Snap shot by Alexander Wennberg.
5:09 of 3rd period - Stopped by Trent Miner with a rebound.
5:11 of 3rd period - Slapshot by Thomas Chabot.
5:11 of 3rd period - Shot Misses the Net.
5:13 of 3rd period - Slapshot by Taylor Hall.
5:13 of 3rd period - Stopped by Trent Miner with a rebound.
5:23 of 3rd period - Minor Penalty to Anthony Beauvillier for Tripping.
5:24 of 3rd period - Alexander Wennberg wins face-off versus Phil Kessel in Boston Bruins zone.
6:13 of 3rd period - Pavel Zacha is hit by Josh Anderson and loses puck.
6:32 of 3rd period - Alexander Wennberg is hit by Phil Kessel and loses puck.
7:23 of 3rd period - Penalty to Anthony Beauvillier is over, Anthony Beauvillier is back on ice.
7:48 of 3rd period - Lukas Reichel is hit by Austin Wagner and loses puck.
8:29 of 3rd period - Wrist shot by Matt Grzelcyk.
8:29 of 3rd period - Shot Blocked by Alec Martinez.
8:56 of 3rd period - Trevor van Riemsdyk is hit by Anthony Beauvillier and loses puck.
9:02 of 3rd period - Icing by Alec Martinez.
9:03 of 3rd period - Joe Veleno wins face-off versus Lukas Reichel in Hartford Whalers zone.
9:04 of 3rd period - Snap shot by Nicholas Merkley.
9:04 of 3rd period - Shot Misses the Net.
9:34 of 3rd period - Backhand shot by Phil Kessel.
9:34 of 3rd period - Shot Blocked by Trevor van Riemsdyk.
9:36 of 3rd period - Snap shot by Phil Kessel.
9:36 of 3rd period - Stopped by Logan Thompson without a rebound.
9:37 of 3rd period - Joe Veleno wins face-off versus Casey Cizikas in Hartford Whalers zone.
11:01 of 3rd period - Slapshot by Torey Krug.
11:01 of 3rd period - Deflect By Casey Cizikas.
11:01 of 3rd period - Stopped by Trent Miner with a rebound.
11:03 of 3rd period - Slapshot by Connor Clifton.
11:03 of 3rd period - Deflect By Nicholas Merkley.
11:03 of 3rd period - Stopped by Trent Miner without a rebound.
11:04 of 3rd period - Joe Veleno wins face-off versus Alexander Wennberg in Boston Bruins zone.
11:14 of 3rd period - Charlie McAvoy is hit by Thomas Chabot and loses puck.
11:38 of 3rd period - Snap shot by Alec Martinez.
11:38 of 3rd period - Stopped by Trent Miner without a rebound.
11:39 of 3rd period - Alexander Wennberg wins face-off versus Ryan Donato in Boston Bruins zone.
11:40 of 3rd period - Snap shot by Taylor Hall.
11:40 of 3rd period - Shot Hit the Post.
11:54 of 3rd period - Snap shot by Joel Farabee.
11:54 of 3rd period - Goal by Joel Farabee - Hartford Whalers : 3 - Boston Bruins : 2.
11:55 of 3rd period - Alexander Wennberg wins face-off versus Pavel Zacha in neutral zone.
12:41 of 3rd period - Slapshot by Sean Durzi.
12:41 of 3rd period - Stopped by Logan Thompson with a rebound.
12:43 of 3rd period - Slapshot by Mathieu Olivier.
12:43 of 3rd period - Shot Misses the Net.
12:45 of 3rd period - Snap shot by Dylan Gambrell.
12:45 of 3rd period - Stopped by Logan Thompson with a rebound.
12:47 of 3rd period - Wrist shot by Mathieu Olivier.
12:47 of 3rd period - Deflect By Dylan Gambrell.
12:47 of 3rd period - Shot Misses the Net.
12:47 of 3rd period - Puck is out of play.
12:48 of 3rd period - Alexander Wennberg wins face-off versus Dylan Gambrell in Hartford Whalers zone.
13:03 of 3rd period - Slapshot by Taylor Hall.
13:03 of 3rd period - Stopped by Trent Miner with a rebound.
13:10 of 3rd period - Icing by Samuel Girard.
13:11 of 3rd period - Joshua Norris wins face-off versus Dylan Gambrell in Boston Bruins zone.
13:12 of 3rd period - Slapshot by Anthony Mantha.
13:12 of 3rd period - Stopped by Trent Miner with a rebound.
13:14 of 3rd period - Slapshot by Alec Martinez.
13:14 of 3rd period - Deflect By Sean Durzi.
13:14 of 3rd period - Stopped by Trent Miner with a rebound.
13:16 of 3rd period - Snap shot by Alexis Lafreniere.
13:16 of 3rd period - Deflect By Austin Wagner.
13:16 of 3rd period - Stopped by Trent Miner with a rebound.
13:18 of 3rd period - Slapshot by Alec Martinez.
13:18 of 3rd period - Stopped by Trent Miner with a rebound.
13:22 of 3rd period - Snap shot by Casey Cizikas.
13:22 of 3rd period - Shot Blocked by Austin Wagner.
13:22 of 3rd period - Austin Wagner from Boston Bruins is injured at 13:22 of 3rd period (Bruised Right Arm).
13:23 of 3rd period - Alexander Wennberg wins face-off versus Pavel Zacha in Boston Bruins zone.
13:48 of 3rd period - Tyson Barrie is hit by Thomas Chabot and loses puck.
14:07 of 3rd period - Slapshot by John-Jason Peterka.
14:07 of 3rd period - Stopped by Logan Thompson without a rebound.
14:08 of 3rd period - Joshua Norris wins face-off versus Joe Veleno in Hartford Whalers zone.
14:33 of 3rd period - Phil Kessel is hit by Alec Martinez and loses puck.
15:01 of 3rd period - Anthony Beauvillier is hit by Marcus Foligno and loses puck.
15:20 of 3rd period - Anthony Mantha is hit by Samuel Girard.
15:21 of 3rd period - Anthony Mantha from Hartford Whalers is injured at 15:21 of 3rd period (Right Hand).
15:22 of 3rd period - Joshua Norris wins face-off versus Joe Veleno in Hartford Whalers zone.
15:31 of 3rd period - Wrist shot by Thomas Chabot.
15:31 of 3rd period - Shot Misses the Net.
15:33 of 3rd period - Slapshot by Jaccob Slavin.
15:33 of 3rd period - Deflect By Joshua Norris.
15:33 of 3rd period - Stopped by Trent Miner without a rebound.
15:34 of 3rd period - Joshua Norris wins face-off versus Joe Veleno in Boston Bruins zone.
15:43 of 3rd period - Wrist shot by John Hayden.
15:43 of 3rd period - Shot Misses the Net.
16:33 of 3rd period - Backhand shot by Charlie McAvoy.
16:33 of 3rd period - Shot Misses the Net.
16:35 of 3rd period - Wrist shot by Tyson Barrie.
16:35 of 3rd period - Stopped by Logan Thompson with a rebound.
16:53 of 3rd period - Wrist shot by Joshua Norris.
16:53 of 3rd period - Stopped by Trent Miner with a rebound.
16:58 of 3rd period - Minor Penalty to Mark Kastelic for Hooking.
16:59 of 3rd period - Josh Anderson wins face-off versus Pavel Zacha in Hartford Whalers zone.
17:13 of 3rd period - Snap shot by Brandon Hagel.
17:13 of 3rd period - Stopped by Logan Thompson with a rebound.
17:46 of 3rd period - Tyson Barrie is hit by Josh Anderson and loses puck.
18:07 of 3rd period - Casey Cizikas is hit by Tyson Barrie and loses puck.
18:54 of 3rd period - Jaccob Slavin is hit by Charlie McAvoy.
18:58 of 3rd period - Penalty to Mark Kastelic is over, Mark Kastelic is back on ice.
19:02 of 3rd period - Snap shot by Alexis Lafreniere.
19:02 of 3rd period - Stopped by Trent Miner with a rebound.
19:32 of 3rd period - Wrist shot by Alexis Lafreniere.
19:32 of 3rd period - Stopped by Trent Miner with a rebound.
19:34 of 3rd period - Wrist shot by Mark Kastelic.
19:34 of 3rd period - Shot Blocked by Nicholas Merkley.
19:39 of 3rd period - Off-side.
19:40 of 3rd period - Ben Simon call a timeout for Boston Bruins.
19:40 of 3rd period - Taylor Hall wins face-off versus John-Jason Peterka in neutral zone.
19:43 of 3rd period - Wrist shot by Josh Anderson.
19:43 of 3rd period - Shot Misses the Net.
19:45 of 3rd period - Slapshot by Connor Clifton.
19:45 of 3rd period - Shot Misses the Net.
19:56 of 3rd period - Minor Penalty to Tyson Barrie for Holding.
19:57 of 3rd period - Alexander Wennberg wins face-off versus Brandon Hagel in Boston Bruins zone.
Goals for this period are 1 for Hartford Whalers vs 1 for Boston Bruins.
Shots for this period are 19 for Hartford Whalers vs 11 for Boston Bruins.
Back to the Top